Map: Chantier naval orbital

Players

Kamenashi - Winner!

  • Race: Terran Terran
  • League: Diamond

WoODY

  • Race: Terran Terran
  • League: Diamond

VOD

Have the link to the VOD?

Description

Time

  • Played on: May 4, 2016, 2:27 p.m.
  • Length: 18:15
Show
View Real Time Build Order
Export as new Build Order

Kamenashi Terran - Winner!

Build Orders: MMM Bio 

Get SALT Encoding   

  12  0:00  SCV  
  13  0:13  SCV  
  14  0:17  Supply Depot  
  14  0:25  SCV  
  15  0:29  Refinery  
  15  0:39  SCV  
  16  0:45  Barracks  
  16  0:51  SCV  
  16  0:54  Refinery  
  17  1:03  SCV  
  18  1:15  SCV  
  19  1:32  Orbital Command  
  19  1:35  Factory  
  19  1:38  Reaper  
  20  1:58  SCV  
  21  2:02  Supply Depot  
  21  2:10  SCV, Reaper  
  22  2:23  SCV  
  22  2:24  Hellion  
  25  2:30  Starport  
  25  2:35  SCV  
  25  2:45  Hellion  
  25  2:47  SCV  
  28  2:53  Supply Depot  
  28  2:59  SCV  
  28  3:01  Barracks Tech Lab  
  29  3:11  SCV  
  30  3:23  SCV  
  31  3:28  Factory Tech Lab  
  31  3:32  Supply Depot  
  31  3:35  Barracks Reactor  
  31  3:36  SCV  
  32  3:55  SCV  
  32  3:57  Command Center  
  32  4:00  Cloaking Field, Banshee  
  35  4:07  SCV  
  36  4:12  Marine x2  
  36  4:13  Siege Tank  
  36  4:17  Supply Depot  
  41  4:19  SCV  
  42  4:25  Supply Depot  
  42  4:34  Marine x2  
  44  4:40  SCV  
  44  4:41  Supply Depot  
  47  4:48  Siege Tank  
  48  4:56  Marine x2  
  50  5:00  Barracks  
  50  5:05  SCV  
  50  5:07  Barracks  
  51  5:11  Orbital Command  
  51  5:20  Marine x2  
  53  5:36  SCV  
  53  5:38  SCV  
  53  5:39  Siege Tank  
  53  5:40  Marine  
  59  5:48  SCV  
  60  5:50  Barracks Tech Lab  
  60  5:57  Barracks Reactor  
  60  5:58  SCV  
  60  6:00  Starport Reactor, SCV  
  62  6:10  SCV  
  63  6:13  Marine x3  
  63  6:15  Stimpack  
  63  6:16  SCV, Siege Tank  
  70  6:23  SCV  
  71  6:30  Engineering Bay, Command Center  
  71  6:31  Marine  
  72  6:34  Marine x4  
  76  6:48  Siege Tank  
  76  6:49  Marine  
  76  6:51  SCV x2, Marine  
  76  6:52  Marine  
  84  6:56  Refinery  
  84  6:57  Terran Infantry Weapons Level 1  
  84  6:58  Refinery  
  84  7:00  Supply Depot  
  84  7:04  Marine x2  
  86  7:21  Medivac x2, Marine x3  
  86  7:22  Marine  
  94  7:41  SCV x2, Marine x2, Missile Turret  
  94  7:42  Missile Turret  
  94  7:44  Supply Depot x2, Orbital Command  
  98  7:48  Marine x2  
  100  7:51  Missile Turret  
  100  7:53  SCV  
  99  8:01  Viking x2  
  103  8:07  SCV  
  103  8:10  Marine x3  
  107  8:20  Marine  
  109  8:30  Marine x3  
  109  8:31  SCV  
  98  8:38  Marine  
  98  8:39  Siege Tank  
  95  8:42  Barracks  
  95  8:43  Barracks x2  
  95  8:48  Marine x2  
  91  8:49  SCV, Marine  
  91  8:51  Orbital Command  
  93  8:56  SCV, Marine  
  93  8:57  Medivac x2  
  99  9:06  Marine  
  99  9:08  SCV  
  101  9:12  SCV  
  101  9:16  Marine x2  
  101  9:17  Marine  
  104  9:18  Missile Turret  
  104  9:20  Terran Infantry Armor Level 1  
  104  9:21  Sensor Tower  
  105  9:29  SCV  
  105  9:30  Medivac  
  108  9:38  Marine  
  109  9:39  Barracks Tech Lab, Barracks Reactor  
  109  9:41  Barracks Reactor  
  109  9:47  Supply Depot x2  
  109  9:48  Supply Depot  
  109  9:58  Combat Shields  
  109  10:01  Supply Depot  
  109  10:02  SCV x2, Medivac, Marine x4  
  109  10:06  Supply Depot  
  117  10:08  Medivac, Marine  
  117  10:11  Engineering Bay  
  117  10:12  Armory  
  117  10:13  SCV  
  121  10:17  SCV x2  
  121  10:20  Marine x2  
  125  10:25  Marine x2  
  125  10:26  Marine x4  
  131  10:31  Marine  
  132  10:38  Marine x2, Siege Tank  
  132  10:39  Medivac x2, Refinery  
  141  10:43  Marine  
  141  10:44  Refinery  
  134  11:05  Marine x4  
  134  11:06  Marine x4  
  134  11:09  Medivac x2  
  134  11:10  Siege Tank  
  137  11:13  Supply Depot  
  137  11:15  Terran Infantry Weapons Level 2  
  137  11:16  Terran Infantry Armor Level 2  
  137  11:17  Terran Vehicle Weapons Level 1  
  137  11:18  SCV  
  137  11:20  Marine  
  137  11:23  Marine  
  140  11:30  Marine x2  
  142  11:34  Factory  
  142  11:42  Siege Tank  
  142  11:45  Marine  
  142  11:46  Marine  
  144  11:54  Marine x2  
  144  11:55  Marine x5  
  144  12:00  Command Center  
  151  12:02  Medivac x2  
  155  12:09  Supply Depot  
  155  12:10  Supply Depot  
  155  12:11  Factory  
  155  12:16  Marine x4  
  155  12:17  Marine x2  
  161  12:29  Marine  
  161  12:30  Marine x2  
  161  12:34  Marine  
  141  12:38  Marine x3  
  141  12:39  Marine x2  
  109  12:47  Marine x3  
  109  12:49  Siege Tank  
  109  12:50  Factory Tech Lab  
  103  12:52  Marine  
  103  12:56  Marine x5  
  103  12:57  SCV  
  104  13:00  Factory Tech Lab  
  104  13:01  Medivac x2  
  104  13:05  Marine x3  
  101  13:09  Marine  
  101  13:10  Siege Tank  
  108  13:14  Marine x2  
  110  13:22  Marine x3  
  113  13:28  Siege Tank x2  
  119  13:40  Marine x3  
  119  13:41  Marine  
  123  13:42  Missile Turret  
  123  13:43  Supply Depot  
  123  13:44  Supply Depot  
  123  13:47  Marine x5  
  123  13:48  Siege Tank, Missile Turret  
  131  13:57  Viking x2  
  130  14:12  Marine x2  
  130  14:13  Marine  
  133  14:17  Marine x3  
  133  14:21  Terran Infantry Weapons Level 3  
  133  14:22  Terran Infantry Armor Level 3, Terran Vehicle Weapons Level 2  
  133  14:37  Marine x5  
  133  14:38  Marine x2  
  140  14:54  Marine x2  
  140  14:55  Marine x3  
  145  15:03  Marine x4  
  145  15:04  Siege Tank x2  
  158  15:12  Marine  
  159  15:21  Marine x8  
  167  15:30  Marine  
  168  15:36  Siege Tank  
  168  15:37  Medivac x2  
  168  15:38  Marine  
  168  15:39  Marine x5  
  174  15:54  Marine x3  
  174  15:56  Marine, Siege Tank x2  
  123  16:23  Marine x5  
  123  16:24  Marine  
  129  16:31  Marine x2  
  128  16:43  Marine, Orbital Command  
  128  16:44  Marine x4  
  130  16:51  Marine x4  
  130  16:52  Siege Tank x2  
  140  17:01  Marine x2  
  140  17:05  Marine x3  
  145  17:09  Marine  
  143  17:36  Marine x5  
Show
View Real Time Build Order
Export as new Build Order

WoODY Terran 

Build Orders: Reaper Expand, MMM Bio 

Get SALT Encoding   

  12  0:01  SCV  
  13  0:13  SCV  
  14  0:18  Supply Depot  
  14  0:25  SCV  
  15  0:39  SCV  
  15  0:40  Barracks  
  16  0:45  Refinery  
  16  0:51  SCV  
  17  1:03  SCV  
  18  1:15  SCV  
  19  1:28  Orbital Command  
  19  1:30  Reaper  
  20  1:41  Command Center  
  20  1:59  SCV  
  21  2:03  Supply Depot  
  21  2:10  Barracks  
  21  2:11  SCV  
  22  2:21  Factory  
  22  2:24  Refinery  
  22  2:26  Marine  
  23  2:31  SCV  
  24  2:44  SCV  
  25  2:55  Barracks Reactor  
  25  2:56  SCV  
  26  2:59  Barracks Tech Lab  
  26  3:03  Orbital Command  
  26  3:09  Factory Tech Lab  
  27  3:12  SCV  
  27  3:18  Starport  
  29  3:20  Marauder  
  29  3:26  Supply Depot  
  29  3:32  Hellion  
  29  3:33  Marine  
  33  3:35  SCV  
  33  3:38  Barracks  
  35  3:41  Marauder  
  34  3:57  Barracks Reactor  
  34  3:59  Siege Tank  
  34  4:00  SCV x2  
  39  4:05  Engineering Bay  
  39  4:08  Refinery  
  39  4:12  SCV x2  
  41  4:17  Stimpack  
  41  4:21  Supply Depot  
  42  4:24  SCV x2  
  42  4:31  Marine  
  44  4:35  Missile Turret  
  44  4:36  SCV x2  
  44  4:38  Missile Turret  
  46  4:44  Barracks Reactor  
  46  4:48  SCV x2  
  46  4:51  Siege Tank  
  51  4:59  Marine  
  52  5:00  SCV x2, Marine x2  
  52  5:03  Terran Infantry Weapons Level 1  
  56  5:07  Refinery  
  56  5:12  Starport Reactor, SCV x2  
  58  5:17  Marine  
  59  5:24  SCV  
  60  5:34  Marine  
  60  5:35  Marine x4  
  61  5:41  SCV x2  
  61  5:45  Missile Turret  
  60  5:52  Marine x2  
  62  5:59  Supply Depot  
  62  6:18  Factory Tech Lab, Combat Shields  
  62  6:21  Viking, Marine x4, Medivac  
  62  6:22  Supply Depot  
  62  6:24  Missile Turret  
  70  6:29  Supply Depot  
  70  6:40  SCV  
  70  6:44  SCV, Marine x2, Siege Tank  
  76  6:47  Marine x2  
  76  6:52  SCV, Medivac  
  76  6:53  Medivac  
  83  6:54  Marine  
  83  6:56  SCV  
  83  7:00  Terran Infantry Armor Level 1  
  83  7:01  Command Center  
  85  7:02  Marine  
  85  7:08  Missile Turret  
  85  8:08  Armory  
  85  8:12  SCV x2, Marine x5, Supply Depot, Siege Tank  
  92  8:13  Supply Depot x2  
  91  8:24  SCV  
  92  8:30  Marine x2  
  93  8:34  Marine  
  86  8:48  Marine x2  
  70  8:52  Marine  
  70  8:53  Orbital Command  
  66  8:56  Terran Infantry Armor Level 2  
  66  8:59  Engineering Bay  
  66  9:00  Siege Tank  
  69  9:05  Marine x2  
  69  9:06  Barracks  
  69  9:07  Orbital Command  
  69  9:09  Marine, Medivac x2, Barracks  
  75  9:11  Barracks  
  76  9:22  SCV x2  
  76  9:23  Marine x2  
  80  9:27  Marine  
  81  9:39  Terran Infantry Weapons Level 2  
  81  9:41  Marine x2, Terran Vehicle Weapons Level 1  
  81  9:44  SCV  
  81  9:45  SCV, Marine  
  85  9:47  Medivac x2  
  85  9:51  Siege Tank  
  93  9:54  Barracks Reactor  
  93  9:56  Barracks Reactor  
  93  9:58  Barracks Reactor  
  93  9:59  Marine x2  
  95  10:00  Supply Depot  
  95  10:03  Marine, Supply Depot x2  
  96  10:07  Refinery  
  96  10:08  Refinery  
  96  10:12  Command Center  
  96  10:17  Medivac, Marine x2  
  96  10:20  Supply Depot  
  96  10:21  Marine  
  100  10:23  Viking, Siege Tank  
  106  10:30  Marine x2  
  106  10:34  Marine x3  
  106  10:35  Marine  
  112  10:36  SCV  
  112  10:37  SCV x2  
  112  10:39  Marine  
  116  10:47  Viking  
  116  10:48  SCV, Marine x4  
  116  10:49  SCV x2  
  125  10:52  Marine x4  
  112  11:07  Marine x5  
  112  11:10  Marine x4, Siege Tank  
  124  11:11  Viking  
  124  11:14  SCV x3  
  124  11:17  Viking  
  131  11:23  Terran Infantry Armor Level 3  
  131  11:24  Marine  
  132  11:30  Marine x2  
  132  11:31  Marine x6  
  140  11:34  Orbital Command  
  140  11:42  Marine, Siege Tank  
  144  11:48  Marine  
  144  11:52  Missile Turret x2  
  145  11:55  Missile Turret  
  145  11:58  Missile Turret  
  145  12:00  Missile Turret  
  145  12:06  Missile Turret x2  
  145  12:07  Viking x2, Marine x2  
  145  12:08  Marine  
  152  12:14  Siege Tank  
  155  12:21  Missile Turret  
  102  12:48  Marine x8  
  102  12:49  Marine  
  84  13:06  Marine x9  
  93  13:15  Siege Tank  
  96  13:23  Marine  
  96  13:24  Marine x8  
  105  13:30  Command Center  
  105  13:41  Marine  
  105  13:42  Marine x8  
  105  13:47  Siege Tank  
  117  14:07  Marine  
  117  14:08  Marine x8  
  119  14:19  Terran Infantry Weapons Level 3  
  119  14:25  Marine x2  
  119  14:26  Marine x7, Siege Tank  
  119  14:28  Viking  
  133  14:43  Marine x2  
  133  14:44  Marine x5  
  140  14:52  Viking  
  142  14:58  Viking  
  144  15:10  SCV x2, Starport  
  133  15:18  Marine  
  133  15:19  Marine x8  
  132  15:36  Marine  
  132  15:37  Marine x4  
  132  15:39  Marine x2  
  132  15:40  Marine x2  
  137  16:01  Orbital Command  
  92  16:12  Marine x2  
  65  16:31  Medivac  
  64  16:54  Marine x4  
  64  16:55  Marine x3  
  64  16:59  Orbital Command  
  71  17:19  Marine x5, Sensor Tower  
  71  17:20  Siege Tank, Marauder  
  66  17:32  Marine x3  
  66  17:37  Marine x2  
  58  17:46  Marine  
Tags
 
Add a new tag
Caveats
  • Supply blocks, unpowered buildings, or Contaminate may cause inaccurate times.
  • Supply counts are checked every 10 seconds.